 Dungeon Crawl Stone Soup version 0.28.0-45-g0d030f2227 (webtiles) character file.

Game seed: 10289973754847039307

3690 protoss039 the Fighter (level 9, -5/75 HPs)
             Began as a Demonspawn Earth Elementalist on May 23, 2022.
             Killed by an exploding wight (23 damage)
             ... ignited by their inner flame
             ... on level 7 of the Dungeon.
             The game lasted 00:11:19 (8313 turns).

protoss039 the Fighter (DsEE)                       Turns: 8313, Time: 00:11:20

Health: -5/75      AC:  9    Str:  8    XL:     9   Next: 90%
Magic:  3/17       EV: 13    Int: 21    God:
Gold:   387        SH:  0    Dex: 14    Spells: 10/19 levels left

rFire   . . .      SeeInvis .   a - +1 dagger (elec)
rCold   . . .      Faith    .   (no shield)
rNeg    . . .      Spirit   .   u - +0 leather armour
rPois   .          Reflect  .   y - +0 helmet
rElec   .          Harm     .   k - +0 cloak
rCorr   .          Rampage  .   (no gloves)
Will    .....                   (no boots)
Stlth   ++........              (no amulet)
HPRegen 0.22/turn               o - +4 ring of protection
MPRegen 0.15/turn               (no ring)

@: no status effects
A: hooves 2, repulsion field 1, condensation shield, demonic magic 2
a: no special abilities


You were on level 7 of the Dungeon.
You visited 1 branch of the dungeon, and saw 7 of its levels.

You collected 387 gold pieces.

Inventory:

Hand Weapons
 a - a +1 dagger of electrocution (weapon)
 z - a +2 dagger of draining
Missiles
 b - a throwing net
 c - 158 stones
Armour
 k - a +0 cloak (worn)
 u - a +0 leather armour (worn)
 y - a +0 helmet (worn)
Jewellery
 o - a +4 ring of protection (left hand)
Scrolls
 e - a scroll of holy word {unknown}
 f - a scroll of identify
 h - a scroll of acquirement {unknown}
 j - a scroll of enchant armour {unknown}
 l - 2 scrolls of teleportation {unknown}
 m - a scroll of fog {unknown}
 p - 2 scrolls of vulnerability {unknown}
 v - a scroll of noise {unknown}
 x - a scroll of silence {unknown}
 A - a scroll of torment {unknown}
 C - a scroll of blinking {unknown}
Potions
 d - 3 potions of flight
 g - a potion of resistance {unknown}
 i - 2 potions of curing
 n - a potion of ambrosia {unknown}
 q - a potion of cancellation {unknown}
 s - a potion of heal wounds {unknown}
 t - a potion of might {unknown}
 w - 2 potions of mutation {unknown}
 B - a potion of degeneration {unknown}


   Skills:
 * Level 8.7 Fighting
 + Level 3.4 Armour
 - Level 1.7 Dodging
 - Level 1.7 Stealth
 + Level 5.8 Spellcasting
 + Level 5.8 Conjurations
 - Level 1.0 Transmutations
 + Level 6.2 Earth Magic


You had 10 spell levels left.
You knew the following spells:

 Your Spells              Type           Power      Damage    Failure   Level
a - Sandblast             Erth           64%        2d14      1%          1
b - Passwall              Tmut/Erth      17%        N/A       4%          2
c - Stone Arrow           Conj/Erth      62%        3d10      3%          3
d - Swiftness             Air            6%         N/A       38%         3

Your spell library contained the following spells:

 Spells                   Type           Power      Damage    Failure   Level
 Shock                    Conj/Air       72%        1d7       4%          1
 Conjure Flame            Conj/Fire      18%        6-21      13%         3
 Petrify                  Tmut/Erth      21%        N/A       32%         4
 Ignite Poison            Fire/Tmut/Pois 7%         N/A       36%         3
 Inner Flame              Hex/Fire       6%         N/A       38%         3
 Sticky Flame             Conj/Fire      18%        2d4       38%         4
 Airstrike                Air            3%         N/A       80%         4
 Cause Fear               Hex            3%         N/A       80%         4
 Discord                  Hex            3%         N/A       100%        8


Dungeon Overview and Level Annotations

Branches:
Dungeon (7/15)
 Temple: D:4-7

Altars:
Ashenzari
Fedhas
Gozag
Okawaru
Wu Jian
The Shining One

Annotations:
D:5 Sigmund


Innate Abilities, Weirdness & Mutations

You have hoof-like feet.
You are surrounded by a mild repulsion field. (EV +2)
A meltable shield of frost defends you. (SH +0)
Spells you cast may paralyse nearby enemies.


Message History

Unknown command.
Unknown command.
Unknown command.
Unknown command.
Unknown command.
Unknown command.
Casting: Sandblast (safe; 1% risk of failure)
Confirm with . or Enter, or press ? or * to list all spells.
Aiming: Sandblast (safe; 1% risk of failure)
Press: ? - help, Shift-Dir - straight line, f - wight
Aim: a wight, wielding a +5 dire flail and wearing a +1 robe of fire resistance (inner flame, 82% to hit)
The blast of sand hits the wight!
Flame seeps out of the wight.
The wight is heavily damaged.
Malevolent energies surge around you.
The wight suddenly stops moving!
A wight comes into view. It is wielding a +5 flail of freezing.
The wight is engulfed in blazing flames.
Flame seeps out of the wight.
A wight comes into view.
It is wielding a +2 great sword of freezing.
Unknown command.
Unknown command.
Unknown command.
The wight is engulfed in blazing flames.
Flame seeps out of the wight.
Unknown command.
Unknown command.
Unknown command.
Casting: Sandblast (safe; 1% risk of failure)
Confirm with . or Enter, or press ? or * to list all spells.
Aiming: Stone Arrow (dangerous; 3% risk of failure)
Press: ? - help, Shift-Dir - straight line, f/p - wight
Aim: a wight, wielding a +5 dire flail and wearing a +1 robe of fire resistance (flame, almost destroyed, inner flame, paralysed, 100% to hit)
The stone arrow hits the wight!
Flame seeps out of the wight.
The wight is severely damaged.
Malevolent energies surge around you.
The wight is engulfed in blazing flames.
The wight explodes!
The wight is engulfed in blazing flames.
The wight explodes!
The fiery explosion engulfs you!!
You die...

#.....')).....#..........
#.....###.....#......o...
#.............#..........
.........†....#..§....o..
####..........#§§§)o.....
.#$#...[......#§§)#####+##
.#$#....#.....+§§§§.§.....
.#$#....#.....#.§§§°§.....
.#$#....##......@○§§§.z...
.#$#....#.......##§...z<..
.#.#......................
.#.#>................#...#
○#§#..###.................
☼#§#.. #..................
.#.#.. #................
.#.#.. #..............
.#.#..


You could see 2 wights.

Vanquished Creatures
  Pikel (D:6)
  Grinder (D:6)
  6 yaks (D:5)
  Eustachio (D:5)
  A water moccasin (D:7)
  An orc warrior (D:7)
  2 ice beasts
  A black bear (D:5)
  An ogre (D:5)
  A necrophage (D:4)
  3 lemures (D:6)
  2 phantoms
  Blork the orc (D:6)
  A bullfrog (D:7)
  A scorpion (D:4)
  2 wyvern zombies (D:6)
  A wyvern skeleton (D:6)
  5 wights (D:7)
  A bullfrog zombie (D:5)
  5 hounds
  2 gnoll shamans
  2 jellies
  An orc priest (D:7)
  Crazy Yiuf (D:5)
  2 iguanas
  5 orc wizards
  11 gnolls
  3 adders
  3 shadow imps
  An ufetubus (D:4)
  2 adder skeletons (D:4)
  2 worms
  4 dart slugs
  11 orcs
  2 ball pythons (D:2)
  6 bats
  6 endoplasms
  2 giant cockroaches (D:4)
  19 goblins
  9 hobgoblins
  5 kobolds
  5 quokkas
  2 frilled lizards
  3 rats
147 creatures vanquished.

Vanquished Creatures (others)
  13 plants (D:3)
13 creatures vanquished.

Grand Total: 160 creatures vanquished

Notes
Turn   | Place    | Note
-------+----------+-------------------------------------------
     0 | D:1      | protoss039 the Demonspawn Earth Elementalist began the
                  | quest for the Orb.
     0 | D:1      | Reached XP level 1. HP: 13/13 MP: 3/3
    73 | D:1      | Reached skill level 1 in Transmutations
    88 | D:1      | Found a faded altar of an unknown god.
   468 | D:1      | Gained mutation: You are surrounded by a mild repulsion
                  | field. (EV +2) [demonic ancestry]
   468 | D:1      | Reached XP level 2. HP: 12/20 MP: 1/5
   617 | D:1      | Reached skill level 1 in Fighting
  1397 | D:1      | Gained mutation: A meltable shield of frost defends you.
                  | (SH +0) [demonic ancestry]
  1397 | D:1      | Reached XP level 3. HP: 23/26 MP: 6/6
  1565 | D:1      | Learned a level 2 spell: Passwall
  1569 | D:1      | Learned a level 3 spell: Stone Arrow
  2331 | D:2      | Reached skill level 1 in Armour
  2802 | D:2      | Reached skill level 2 in Fighting
  2923 | D:3      | Found an ornate altar of the Wu Jian Council.
  2941 | D:3      | Found a blossoming altar of Fedhas.
  2975 | D:3      | Gained mutation: Spells you cast may paralyse adjacent
                  | enemies. [demonic ancestry]
  2975 | D:3      | Reached XP level 4. HP: 25/33 MP: 7/7
  3197 | D:3      | Found a broken altar of Ashenzari.
  3661 | D:4      | Noticed a scorpion
  3666 | D:4      | Killed a scorpion
  3667 | D:4      | Reached skill level 1 in Conjurations
  3667 | D:4      | Gained mutation: Spells you cast may paralyse nearby
                  | enemies. [demonic ancestry]
  3667 | D:4      | Reached XP level 5. HP: 39/39 MP: 1/8
  3744 | D:4      | Noticed a phantom
  3771 | D:3      | Killed a phantom
  3772 | D:3      | Reached skill level 3 in Fighting
  3948 | D:4      | Reached XP level 6. HP: 46/47 MP: 10/10
  4064 | D:4      | Found an opulent altar of Gozag.
  5364 | D:5      | Entered Level 5 of the Dungeon
  5364 | D:5      | Noticed a yak
  5364 | D:5      | Noticed a yak
  5364 | D:5      | Noticed a yak
  5364 | D:5      | Noticed a yak
  5364 | D:5      | Noticed a yak
  5364 | D:5      | Noticed a yak
  5364 | D:5      | Noticed an ice beast
  5380 | D:4      | Killed an ice beast
  5381 | D:4      | Reached skill level 4 in Fighting
  5516 | D:5      | Gained mutation: You have large cloven feet. [demonic
                  | ancestry]
  5516 | D:5      | Reached XP level 7. HP: 54/54 MP: 6/11
  5688 | D:5      | Noticed Eustachio
  5702 | D:5      | Killed Eustachio
  5788 | D:5      | Noticed Sigmund
  6002 | D:5      | Reached skill level 5 in Fighting
  6271 | D:5      | Found a runed translucent door.
  6272 | D:5      | Noticed Crazy Yiuf
  6392 | D:5      | Found an iron altar of Okawaru.
  6450 | D:5      | Killed a yak
  6451 | D:5      | Reached XP level 8. HP: 63/63 MP: 7/14
  6467 | D:5      | Reached skill level 6 in Fighting
  6482 | D:5      | Reached skill level 5 in Earth Magic
  6689 | D:5      | Reached skill level 7 in Fighting
  6807 | D:5      | Killed Crazy Yiuf
  6919 | D:6      | Gained mutation: You have hoof-like feet. [demonic
                  | ancestry]
  6919 | D:6      | Reached XP level 9. HP: 72/72 MP: 9/16
  6928 | D:6      | Noticed Blork the orc
  6940 | D:6      | Killed Blork the orc
  7030 | D:6      | Reached skill level 5 in Spellcasting
  7102 | D:6      | Noticed Pikel
  7135 | D:6      | Killed Pikel
  7136 | D:6      | Reached skill level 5 in Conjurations
  7440 | D:6      | Noticed Grinder
  7444 | D:6      | Reached skill level 8 in Fighting
  7447 | D:6      | Killed Grinder
  7931 | D:6      | Learned a level 3 spell: Swiftness
  8313 | D:7      | Killed by an exploding wight... ignited by their inner
                  | flame

Illustrated notes

Levels and vault maps discovered:
D:1:      roderic_crop_circles_arrival_small, layout_loops_cross,
          shapermc_ecumenical_altar_venn, minmay_distorted
D:2:      layout_loops_cross
D:3:      layout_loops_ring, mainiacjoe_overflow_cross_hatched,
          minmay_overflow_temple_star_quad
D:4:      layout_cave_pods, nicolae_gozag_seed_capital, serial_co_window_serial,
          co_window_corner_a, co_window_paths_a, co_window_corner_a,
          co_window_of_opportunity_a, co_window_of_opportunity_a,
          co_window_paths_c, co_window_corner_b, co_window_broadway_b,
          co_window_of_opportunity_c, co_window_paths_d, co_window_4corner_b,
          glass_columns_c, glass_columns_b, glass_columns_a, glass_columns_a
D:5:      layout_loops_ring, kennysheep_mini_moat, minmay_ogre_servants,
          uniq_sigmund, uniq_eustachio, uniq_crazy_yiuf_cottage
D:6:      layout_basic, uniq_pikel, uniq_grinder, uniq_blork_the_orc
D:7:      lemuel_ice_spiral_2, layout_basic, vehumet_crystals,
          minmay_temple_entry_trees

Skill      XL: |  1  2  3  4  5  6  7  8  9 |
---------------+----------------------------+-----
Transmutations | 1 |  1.0
Fighting       | 1 2 3 4 5 7 8 |  8.7
Earth Magic    | 3 4 5 6 |  6.2
Armour         | 1 2 3 |  3.4
Conjurations   | 1 2 3 4 5 |  5.8
Spellcasting   | 3 4 5 |  5.8
Dodging        | |  1.7
Stealth        | |  1.7

Action                   |  1- 3 |  4- 6 |  7- 9 || total
-------------------------+-------+-------+-------++-------
Melee: Dagger            |    97 |   104 |   138 ||   339
       Unarmed           |     2 |       |       ||     2
       Punch             |     2 |     4 |     3 ||     9
       Short sword       |    44 |       |       ||    44
       Kick              |       |       |    51 ||    51
 Cast: Sandblast         |    27 |    14 |    52 ||    93
       Stone Arrow       |       |     5 |    48 ||    53
       Passwall          |       |     1 |       ||     1
  Use: Scroll            |       |       |     3 ||     3
 Stab: Sleeping          |     5 |     2 |     2 ||     9
       Paralysed         |       |     8 |    48 ||    56
Armor: Robe              |    16 |    15 |       ||    31
       Leather armour    |       |       |    16 ||    16
Dodge: Dodged            |   103 |    56 |    59 ||   218
Block: Other             |     9 |    20 |    10 ||    39
